 Dungeon Crawl Stone Soup version 0.27.0-1-g7a089689b8 (webtiles) character file.

Game seed: 16130809900777074642

359 sanka the Nimble (level 6, 23/28 HPs)
             Began as a Spriggan Fire Elementalist on July 31, 2021.
             Quit the game on level 4 of the Dungeon.
             The game lasted 00:10:04 (6509 turns).

sanka the Nimble (Spriggan Fire Elementalist)       Turns: 6509, Time: 00:10:05

Health: 23/28      AC:  2    Str:  4      XL:     6   Next: 37%
Magic:  8/13       EV: 21    Int: 17      God:
Gold:   207        SH:  0    Dex: 15 (17) Spells: 6/13 levels left

rFire    . . .     SeeInvis +   o - +0 flail (protect)
rCold    . . .     Faith    .   (shield restricted)
rNeg     . . .     Spirit   .   a - +0 robe
rPois    .         Reflect  .   (helmet restricted)
rElec    .         Harm     .   (no cloak)
rCorr    .         Rampage  .   (gloves unavailable)
Will     ++...                  (boots unavailable)
Stlth    ++........             (no amulet)
HPRegen  0.09/turn              (no ring)
MPRegen  0.13/turn              n - ring of willpower

@: very quick
A: very small, no large weapons, unfitting armour, see invisible, speed 3
a: no special abilities


You were on level 4 of the Dungeon.
You visited 1 branch of the dungeon, and saw 4 of its levels.

You collected 207 gold pieces.


Innate Abilities, Weirdness & Mutations

You are very small and have problems with some larger weapons.
You are too small for most types of armour.
You have supernaturally acute eyesight. (SInv)
You cover ground extremely quickly. (Speed+++)


   Skills:
 - Level 8.0 Dodging
 - Level 3.0 Stealth
 - Level 4.0 Spellcasting
 - Level 0.6 Conjurations
 - Level 2.4 Fire Magic
 * Level 1.4 Earth Magic


You had 6 spell levels left.
You knew the following spells:

 Your Spells              Type           Power      Damage    Failure   Level
y - Foxfire               Conj/Fire      32%        2x1d5     9%          1
z - Sandblast             Erth           16%        2d6       9%          1
X - Lee's Rapid Deconstr  Erth           4%         3d6*      93%         5

Your spell library contained the following spells:

 Spells                   Type           Power      Damage    Failure   Level
 Passwall                 Tmut/Erth      4%         N/A       17%         2
 Conjure Flame            Conj/Fire      8%         6-21      26%         3
 Inner Flame              Hex/Fire       7%         N/A       28%         3
 Tukima's Dance           Hex            3%         N/A       43%         3
 Sticky Flame             Conj/Fire      8%         2d3       63%         4
 Passage of Golubria      Tloc           N/A        N/A       83%         4
 Fireball                 Conj/Fire      4%         3d4       93%         5
 Yara's Violent Unravell  Hex/Tmut       1%         3d3       99%         5

Inventory:

Hand Weapons
 e - a +0 dagger
 f - a +2 vorpal spear
 o - a +0 flail of protection (weapon)
Missiles
 i - 21 poisoned darts
 l - 53 stones
Armour
 a - a +0 robe (worn)
Jewellery
 n - a ring of willpower (right hand)
Scrolls
 g - 4 scrolls of identify {unknown}
 h - a scroll of amnesia {unknown}
 j - a scroll of blinking {unknown}
 k - a scroll of summoning {unknown}
 m - a scroll of enchant weapon {unknown}
Potions
 b - a potion of mutation {unknown}
 c - a potion of haste {unknown}
 d - 2 potions of flight {unknown}

Dungeon Overview and Level Annotations

Branches:
Dungeon (4/15)
 Temple: D:4-7

Altars:
Gozag
Makhleb
Yredelemnul

Annotations:
D:3 Eustachio
D:4 Edmund

.......▒▒...............▒ ...).
.......▒▒...............▒ ▒.....
.........@..............▒ ▒▒..(.
.........l.▒▒▒▒.........▒▒▒▒▒..>.
..............+.........'...▒....
▒▒▒▒▒@▒.▒▒▒▒▒▒▒.........▒▒▒.▒
▒.▒.................▒ ▒.▒
▒.▒▒▒▒▒▒▒▒.▒+▒'▒▒▒▒▒▒ ▒l▒
▒▒....@......i▒.▒ ▒'▒
▒▒▒▒.........▒▒▒▒▒.▒ ▒......▒
...'.............▒.▒ ▒......▒
▒▒)▒.............▒.▒ ▒......▒
.................▒.▒ ▒......▒
▒▒#▒▒..▒▒▒▒......▒.▒ ▒......▒
▒#.≈▒▒..▒▒▒......▒.▒ ▒......▒
#≈.≈≈▒▒..▒▒▒▒▒▒▒.▒.▒ ▒......▒
≈.#.≈≈▒▒..▒▒▒▒▒▒.▒.▒


You could see Edmund.


Message History

The foxfire hits Edmund but does no damage.
Edmund is lightly wounded.
You conjure some foxfire!
The foxfire hits Edmund.
Edmund resists.
Edmund is lightly wounded.
Your foxfire dissipates!
The foxfire hits Edmund.
Edmund completely resists.
Edmund is lightly wounded.
You conjure some foxfire!
You conjure some foxfire!
The foxfire hits Edmund but does no damage.
Edmund is lightly wounded.
The foxfire hits Edmund but does no damage.
Edmund is lightly wounded.
Edmund misses you. The iguana misses you.
The foxfire hits Edmund but does no damage.
Edmund is lightly wounded.
The foxfire hits Edmund but does no damage.
Edmund is lightly wounded.
Edmund clears his throat.
There is an open door here.
A hound comes into view.
The hound moves out of view.
There is a stone staircase leading up here.
You start resting.
Edmund is nearby!
Are you sure you want to abandon this character and quit the game? (Confirm with "yes".)

Action                   |  1- 3 |  4- 6 || total
-------------------------+-------+-------++-------
Melee: Dagger            |    83 |       ||    83
       Spear             |    56 |   162 ||   218
       Flail             |       |   226 ||   226
 Cast: Foxfire           |    24 |    19 ||    43
       Sandblast         |       |    28 ||    28
 Stab: Sleeping          |    12 |     4 ||    16
       Distracted        |       |     1 ||     1
Armor: Robe              |     7 |    33 ||    40
Dodge: Dodged            |    92 |   273 ||   365

Levels and vault maps discovered:
D:1:      elethiomel_arrival_infinity_welcomes_careful_drivers, layout_basic,
          chequers_ecumenical_altar_grove
D:2:      layout_loops_cross, uniq_sigmund, uniq_robin
D:3:      wad_crossroads, layout_loops_ring, serial_forest,
          infiniplex_forest_straight_2, infiniplex_forest_end_2,
          infiniplex_forest_lined_2, infiniplex_forest_clump_small,
          infiniplex_forest_clump_curved, infiniplex_forest_straight_2,
          infiniplex_forest_straight_2
D:4:      layout_basic, chequers_temple_overflow_minitemple,
          gammafunk_temple_overflow_claw, guppyfry_shop_venom, uniq_menkaure,
          uniq_edmund, uniq_pikel, uniq_eustachio, uniq_ijyb

Notes
Turn   | Place    | Note
-------+----------+-------------------------------------------
     0 | D:1      | sanka the Spriggan Fire Elementalist began the quest for
                  | the Orb.
     0 | D:1      | Reached XP level 1. HP: 9/9 MP: 5/5
   102 | D:1      | Reached skill level 3 in Dodging
   233 | D:1      | Reached XP level 2. HP: 11/13 MP: 6/6
   516 | D:1      | Reached skill level 4 in Dodging
  1282 | D:1      | Reached XP level 3. HP: 14/16 MP: 1/8
  1432 | D:1      | Reached skill level 5 in Dodging
  1744 | D:1      | Found a faded altar of an unknown god.
  2274 | D:2      | Noticed Robin
  2297 | D:1      | HP: 1/16 [Robin (4)]
  2305 | D:1      | Killed Robin
  2306 | D:1      | Reached XP level 4. HP: 1/21 MP: 9/9
  2615 | D:1      | Reached skill level 6 in Dodging
  2746 | D:2      | Noticed Sigmund
  2805 | D:2      | Killed Sigmund
  2806 | D:2      | Reached skill level 8 in Dodging
  2806 | D:2      | Reached skill level 3 in Spellcasting
  2806 | D:2      | Reached XP level 5. HP: 24/24 MP: 2/11
  3201 | D:2      | Reached XP level 6. HP: 28/28 MP: 12/12
  3393 | D:3      | Reached skill level 4 in Spellcasting
  3395 | D:3      | Learned a level 1 spell: Sandblast
  3401 | D:3      | Learned a level 5 spell: Lee's Rapid Deconstruction
  4468 | D:3      | Reached skill level 1 in Earth Magic
  5444 | D:4      | Noticed Eustachio
  5954 | D:4      | HP: 2/28 [iron imp[Eustachio] (11)]
  6328 | D:4      | Found a basalt altar of Yredelemnul.
  6328 | D:4      | Found an opulent altar of Gozag.
  6329 | D:4      | Found a burning altar of Makhleb.
  6446 | D:4      | Noticed Edmund
  6509 | D:4      | Quit the game

Vanquished Creatures
  Sigmund (D:2)
  A hound (D:3)
  Robin (D:1)
  5 gnolls
  An adder (D:1)
  2 worms
  2 dart slugs
  An orc (D:3)
  2 endoplasms
  5 giant cockroaches
  12 goblins
  12 hobgoblins
  4 jackals (D:1)
  8 kobolds
  2 quokkas
  6 ball pythons
  7 bats
  2 frilled lizards
  7 rats
  A bush (D:3)
82 creatures vanquished.

Vanquished Creatures (others)
  61 foxfires
  6 plants (D:3)
67 creatures vanquished.

Grand Total: 149 creatures vanquished
